 Dungeon Crawl Stone Soup version 0.29-a0-367-gc2b5878c41 (webtiles) character file.

Game seed: 15407347731058643662

50 Ge0ff the Cutter (level 4, -3/35 HPs)
             Began as a Djinni Monk on May 1, 2022.
             Was a Believer of Okawaru.
             Slain by an orc wizard
             ... wielding a +0 dagger
              (4 damage)
             ... on level 3 of the Dungeon.
             The game lasted 00:02:50 (1290 turns).

Ge0ff the Cutter (Djinni Monk)                      Turns: 1290, Time: 00:02:50

Health: -3/35      AC:  6    Str: 12    XL:     4   Next: 4%
Gold:   77         EV: 11    Int: 12    God:    Okawaru [**....] SH:  0 Dex: 15

rFire   + + .      SeeInvis .   a - +1 short sword
rCold   x . .      Faith    .   (no shield)
rNeg    . . .      Spirit   .   Z - +0 ring mail
rPois   ∞          Reflect  .   (no helmet)
rElec   .          Harm     .   r - +0 cloak
rCorr   .          Rampage  .   (no gloves)
Will    .....                   (boots unavailable)
Stlth   +.........              (no amulet)
HPRegen 0.11/turn               (no ring)
MPRegen 0.00/turn               (no ring)

@: flying
A: sickness immunity, fire resistance 2, cold vulnerability 1, float, innate
caster, HP casting, extra vitality 1
a: Renounce Religion, Heroism


You were on level 3 of the Dungeon.
You worshipped Okawaru.
Okawaru was pleased with you.
You visited 1 branch of the dungeon, and saw 3 of its levels.

You collected 77 gold pieces.

Inventory:

Hand Weapons
 a - a +1 short sword (weapon)
Missiles
 q - 26 stones (quivered)
 W - 5 atropa-tipped darts
Armour
 b - a +0 robe
 r - a +0 cloak (worn)
 s - a +0 scale mail
 Z - a +0 ring mail (worn)
Scrolls
 V - a scroll of vulnerability


   Skills:
 - Level 3.0 Fighting
 + Level 4.2 Short Blades
 - Level 3.2 Dodging
 - Level 1.5 Stealth


You had 2 spell levels left.
You knew the following spells:

 Your Spells              Type           Power      Damage    Failure   Level
a - Slow                  Hex            0%         N/A       58%         1
Your spell library was empty.

Dungeon Overview and Level Annotations

Branches:
Dungeon (3/15)

Altars:
Okawaru


Innate Abilities, Weirdness & Mutations

You are immune to sickness and miasma.
You are immune to poison.
Your flesh is very heat resistant. (rF++)
You are vulnerable to cold. (rC-)
You float through the air rather than walking.
You learn spells naturally, not from books.
Your magical power is your life essence.
You have superior vitality. (+4 MHP)


Message History

The orc wizard hits you but does no damage.
The orc wizard hits you but does no damage.
The orc barely misses you.
The orc wizard points at you and mumbles some strange words.
You resist with some effort. The orc closely misses you.
The orc wizard hits you but does no damage.
The orc barely misses you.
The orc wizard points at you and mumbles some strange words.
The magic dart hits you. The orc misses you.
The orc wizard hits you but does no damage.
The orc barely misses you. The orc wizard barely misses you.
The orc completely misses you.
The orc wizard hits you with a +0 dagger.
The orc closely misses you. The orc attacks as you move away!
The orc hits you but does no damage.
The orc wizard points at you and mumbles some strange words.
You resist with some effort.
Unknown command.
The orc wizard casts a spell at you.
You are confused.
The orc wizard hits you but does no damage.
The orc hits you with a +0 club. The orc hits you with a +0 mace.
The orc wizard closely misses you. The orc barely misses you.
The orc closely misses you. The orc hits you with a +0 club.
* * * LOW HITPOINT WARNING * * *
The orc closely misses you.
The orc wizard hits you but does no damage.
The orc barely misses you. The orc misses you. x2
The orc wizard misses you. The orc hits you with a +0 club.
* * * LOW HITPOINT WARNING * * *
The orc closely misses you. x2
You feel less confused.
The orc wizard hits you but does no damage.
The orc hits you with a +0 club.
* * * LOW HITPOINT WARNING * * *
The orc hits you but does no damage. The orc barely misses you.
The orc wizard closely misses you. The orc hits you but does no damage. x2
The orc closely misses you.
The orc wizard points at you and mumbles some strange words.
The puff of flame misses you.
The puff of flame hits the orc!
The orc dies!
The orc barely misses you. The orc misses you.
Unknown command.
Unknown command.
The orc wizard hits you but does no damage.
The orc closely misses you. The orc hits you with a +0 mace.
* * * LOW HITPOINT WARNING * * *
The orc wizard hits you with a +0 dagger.
You die...

*,* *,,...,,*,,,,,,,,,,* *,*
***#.#***,********,* *,* #.#
*,* *,* *,* #.#***,* *,* *,*
#.#*,,,********,* *,*
####.#*,,,**,,,,,,,* *,*
##.##S#*,,,**,*******
#.#####...oo##*,***,** ***
#....<....o@)#*,**,,,****,**
########.###.#*,*,***,**,,,*
#.# *.#*,,** **,,,,,, #.#
*..,,,* *,,,,,, #.#**###,,**
**,,,,,,
#..,,,,*,*,***,**,,,*
###***,*,,,,,,,***,**
*,****,*,** *,,, *,* **,**
****


You could see an orc wizard, an adder and 2 orcs.

Vanquished Creatures
  A gnoll (D:1)
  An adder (D:2)
  A worm (D:2)
  2 dart slugs
  An orc (D:3)
  An endoplasm (D:1)
  2 giant cockroaches (D:1)
  3 hobgoblins (D:1)
  3 quokkas
  2 frilled lizards
  3 goblins
  2 kobolds
  A rat (D:1)
23 creatures vanquished.

Vanquished Creatures (others)
  An orc (D:3)
1 creature vanquished.

Grand Total: 24 creatures vanquished

Notes
Turn   | Place    | Note
-------+----------+-------------------------------------------
     0 | D:1      | Ge0ff the Djinni Monk began the quest for the Orb.
     0 | D:1      | Reached XP level 1. HP: 20/20 MP: 0/0
    79 | D:1      | Reached skill level 3 in Short Blades
   130 | D:1      | Reached XP level 2. HP: 25/25 MP: 0/0
   883 | D:1      | Reached XP level 3. HP: 21/30 MP: 0/0
   883 | D:1      | Learned a level 1 spell: Slow
  1123 | D:2      | Found a faded altar of an unknown god.
  1130 | D:2      | Prayed at the altar of an unknown god.
  1130 | D:2      | Became a worshipper of Warmaster Okawaru
  1130 | D:2      | Reached * piety under Okawaru
  1130 | D:2      | Reached ** piety under Okawaru
  1147 | D:2      | Reached skill level 4 in Short Blades
  1257 | D:3      | Reached XP level 4. HP: 31/35 MP: 0/0
  1289 | D:3      | HP: 1/35 [orc/+0 mace (4)]
  1290 | D:3      | Slain by an orc wizard

Illustrated notes

Levels and vault maps discovered:
D:1:      wander_arrival_desolate, layout_loops_ring
D:2:      layout_basic, ebering_ecumenical_altar_ruins
D:3:      layout_loops_ring, serial_shops, shop

Skill      XL: |  1  2  3 |
---------------+----------+-----
Short Blades   | 3 4 |  4.2
Fighting       | |  3.0
Dodging        | |  3.2
Stealth        | |  1.5

Action                   |  1- 3 |  4- 6 || total
-------------------------+-------+-------++-------
Melee: Short sword       |    96 |     7 ||   103
       Punch             |     1 |       ||     1
Invok: Heroism           |     1 |       ||     1
  Use: Potion            |     3 |       ||     3
       Scroll            |     1 |     2 ||     3
 Stab: Sleeping          |     2 |       ||     2
Armor: Robe              |     6 |       ||     6
       Ring mail         |    14 |    14 ||    28
Dodge: Dodged            |    63 |    30 ||    93

Table legend: (Time is in decaauts)
 A = Elapsed time spent in this place.
 B = Non-inter-level travel time spent in this place.
 C = Inter-level travel time spent in this place.
 D = Time resting spent in this place.
 E = Time spent auto-exploring this place.
 F = Levels seen in this place.
 G = Mean time per level.
                   A        B        C        D        E       F      G
               +--------+--------+--------+--------+--------+-----+--------+
         Total |   1277 |   1249 |     28 |    105 |    824 |   3 |  425.7 |
       Dungeon |   1277 |   1249 |     28 |    105 |    824 |   3 |  425.7 |
               +--------+--------+--------+--------+--------+-----+--------+

Top non-repeatable levels by time:
     D:1: 993 daAuts
     D:2: 248 daAuts
     D:3: 35 daAuts
